 Dungeon Crawl Stone Soup version 0.18-a0-917-g8a3da5b (webtiles) character file.

321 Duffy the Sneak (level 6, -6/33 HPs)
             Began as a Vine Stalker Assassin on Dec 26, 2015.
             Mangled by an ogre
             ... wielding a +0 giant spiked club
              (23 damage)
             ... on level 4 of the Dungeon.
             The game lasted 00:04:17 (2565 turns).

Duffy the Sneak (Vine Stalker Assassin)             Turns: 2565, Time: 00:04:17

Health: -6/33      AC:  9    Str: 15    XL:     6   Next: 46%
Magic:  0/7        EV: 11    Int: 12    God:
Gold:   235        SH:  0    Dex: 17    Spells: 0 memorised, 5 levels left

rFire  . . .     SeeInvis .     a - +2 dagger
rCold  . . .     Gourm    .     j - +0 scale mail
rNeg   . . .     Faith    .     (no shield)
rPois  .         Spirit   +     B - +1 helmet
rElec  .         Dismiss  .     d - +0 cloak
rCorr  .         Reflect  .     (no gloves)
SustAt .         Harm     .     (no boots)
MR     .....                    (no amulet)
Stlth  ++........               (no ring)
                                m - +2 ring of strength

@: not resistant to hostile enchantments, unstealthy
A: fangs 2, regeneration 2, magic shield, antimagic bite, no device heal 3, rot
immunity
a: no special abilities


You were on level 4 of the Dungeon.
You were not hungry.

You visited 1 branch of the dungeon, and saw 4 of its levels.

You collected 235 gold pieces.


Innate Abilities, Weirdness & Mutations

You have extremely sharp teeth.
You heal very quickly.
When hurt, damage is shared between your health and your magic reserves.
Your bite disrupts and absorbs the magic of your enemies.
Potions and wands cannot restore your health.
You are immune to rotting.


   Skills:
 + Level 3.9 Fighting
 + Level 2.1 Short Blades
 - Level 2.0 Throwing
 + Level 2.1 Armour
 + Level 3.0 Dodging
 - Level 4.8 Stealth


You had 5 spell levels left.
You didn't know any spells.

Inventory:

Hand Weapons
 a - a +2 dagger (weapon)
 b - a +0 blowgun
Missiles
 e - 57 poisoned needles
 f - 2 curare-tipped needles
 p - 2 throwing nets (quivered)
Armour
 c - a +0 robe
 d - a +0 cloak (worn)
 j - a +0 scale mail (worn)
 B - a +1 helmet (worn)
Jewellery
 m - a +2 ring of strength (left hand)
Wands
 y - a wand of fireball (12/15)
 F - a wand of lightning (6/15)
Scrolls
 i - 2 scrolls of fear {unknown}
 k - 4 scrolls of blinking {unknown}
 l - 2 scrolls of remove curse {unknown}
 q - 2 scrolls of identify {unknown}
 s - a scroll of amnesia {unknown}
 t - a scroll of noise {unknown}
 u - a scroll of fog {unknown}
 w - 2 scrolls of immolation {unknown}
 z - a scroll of magic mapping {unknown}
 D - a scroll of enchant armour {unknown}
 E - a scroll of random uselessness {unknown}
Potions
 h - 2 potions of degeneration {unknown}
 n - a potion of invisibility {unknown}
 o - a potion of cancellation {unknown}
 r - 2 potions of haste {unknown}
 v - a potion of mutation {unknown}
 A - a potion of poison {unknown}
 C - a potion of ambrosia {unknown}
Comestibles
 g - 2 bread rations
 x - a meat ration
 G - 2 royal jellies
 H - 2 chunks of flesh

Dungeon Overview and Level Annotations

Branches:
Dungeon (4/15)
 Temple: D:4-7

Altars:
Nemelex Xobeh
The Shining One


Message History

You kill the jackal!
You completely miss the giant cockroach.
Your bite misses the giant cockroach.
The giant cockroach bites you but does no damage.
You hit the ogre. Your bite misses the ogre.
The ogre is lightly wounded.
The giant cockroach bites you but does no damage.
The ogre closely misses you.
You hit the ogre.
The ogre is moderately wounded.
The giant cockroach misses you.
You hit the ogre.
The ogre is moderately wounded.
The giant cockroach barely misses you. The ogre closely misses you.
You hit the ogre. You bite the ogre. You drain its power.
The ogre is heavily wounded.
The giant cockroach bites you but does no damage.
You hit the ogre but do no damage.
The ogre is heavily wounded.
The ogre barely misses you.
The giant cockroach bites you but does no damage.
You barely miss the ogre. You bite the ogre. You drain its power.
The ogre is heavily wounded.
The giant cockroach closely misses you.
The ogre hits you with a giant spiked club!!
Your scale mail prevents you from hitting the ogre.
Your bite misses the ogre.
The ogre is heavily wounded.
The giant cockroach bites you but does no damage.
You hit the ogre. You bite the ogre. You drain its power.
You feel invigorated.
The ogre is severely wounded.
The giant cockroach bites you.
The ogre hits you with a giant spiked club!!
Ouch! That really hurt!
You die...

.##...# .[.....#### ....).....
......... ........# ........### #
.##...#...##### .# ### ###Os...##
#.# #.@....#######.####
#..#...........#...
#...........).......
####..........##.#.#...
#.............##...#... #########
#.............###...... #.......#
#.............####..... #.......#
#...####.##............
#.......###......................


You could see an ogre and a giant cockroach.

Action                   |  1- 3 |  4- 6 || total
-------------------------+-------+-------++-------
Melee: Dagger            |    84 |   224 ||   308
 Stab: Sleeping          |     5 |     2 ||     7
  Eat: Chunk             |       |     6 ||     6

Notes
Turn   | Place    | Note
--------------------------------------------------------------
     0 | D:1      | Duffy the Vine Stalker Assassin began the quest for the Orb.
     0 | D:1      | Reached XP level 1. HP: 11/11 MP: 2/2
    20 | D:1      | Reached skill level 2 in Short Blades
   138 | D:1      | Reached skill level 2 in Throwing
   190 | D:1      | Reached skill level 1 in Dodging
   190 | D:1      | Reached XP level 2. HP: 15/15 MP: 3/3
   328 | D:1      | Reached skill level 2 in Fighting
   500 | D:2      | Reached XP level 3. HP: 18/18 MP: 4/4
   745 | D:1      | Reached XP level 4. HP: 9/23 MP: 2/5
   809 | D:1      | Reached skill level 2 in Dodging
   851 | D:2      | Reached skill level 1 in Armour
  1280 | D:2      | Reached skill level 3 in Fighting
  1599 | D:2      | Reached XP level 5. HP: 28/28 MP: 6/6
  1804 | D:3      | Noticed Robin
  1857 | D:3      | Killed Robin
  1857 | D:3      | Gained mutation: You heal very quickly. [Vine Stalker growth]
  1857 | D:3      | Reached XP level 6. HP: 25/32 MP: 7/7
  2029 | D:3      | Found a sparkling altar of Nemelex Xobeh.
  2029 | D:3      | Found a glowing golden altar of the Shining One.
  2434 | D:3      | Reached skill level 2 in Armour
  2473 | D:4      | Reached skill level 3 in Dodging
  2565 | D:4      | Mangled by an ogre

Vault maps used:
D:1:      ldierk_walled_garden_2
D:2:      serial_co_window_serial, co_window_paths_a, co_window_paths_b,
          co_window_paths_a, co_window_paths_a, co_window_corner_a,
          co_window_corner_ca, co_window_2corner, co_window_cross_3,
          co_window_cross_2, co_window_corner_b, co_window_broadway_a,
          co_window_broadway_a, co_window_sun, glass_columns_b, st_stairs_5
D:3:      gammafunk_temple_overflow_statue, uniq_robin
D:4:      first_bread

Vanquished Creatures
  3 orc priests
  An iguana
  An orc wizard
  A hound skeleton Robin
  4 gnolls
  3 adders
  An ooze
  A worm
  3 giant geckos
  7 orcs
  2 ball pythons
  5 giant cockroaches
  7 hobgoblins
  6 jackals
  7 kobolds
  A quokka
  8 bats
  4 giant newts
  12 goblins
  4 rats
  4 toadstools
86 creatures vanquished.
